 Dungeon Crawl Stone Soup version 0.27.0-65-ge2af304b15 (webtiles) character file.

Game seed: 1592881489307764827

5369 loansindi the Destroyer (level 10, -1/78 HPs)
             Began as a Yellow Draconian Conjurer on Aug 18, 2021.
             Was a Priest of Makhleb.
             Slain by a vampire mosquito (9 damage)
             ... on level 11 of the Dungeon.
             The game lasted 00:22:52 (7885 turns).

loansindi the Destroyer (Yellow Draconian Conjurer) Turns: 7885, Time: 00:22:53

Health: -1/78      AC: 12    Str: 10    XL:     10   Next: 39%
Magic:  5/22       EV: 13    Int: 21    God:    Makhleb [***...]
Gold:   470        SH:  0    Dex: 10    Spells: 21/25 levels left

rFire    . . .     SeeInvis .   b - +2 whip (drain)
rCold    . . .     Faith    .   (no shield)
rNeg     . . .     Spirit   .   (armour unavailable)
rPois    .         Reflect  .   (helmet restricted)
rElec    .         Harm     .   (no cloak)
rCorr    +         Rampage  .   F - +2 pair of gloves {archery}
Will     .....                  B - +1 pair of boots
Stlth    ++........             (no amulet)
HPRegen  1.23/turn              s - ring of wizardry
MPRegen  0.18/turn              (no ring)

@: flying, hasted and slowed
A: spit acid, AC +7, unfitting armour, cold-blooded, acid resistance, hooves 1,
regeneration 1
a: Breathe Acid, Renounce Religion, Minor Destruction, Lesser Servant of Makhleb


You were on level 11 of the Dungeon.
You worshipped Makhleb.
Makhleb was most pleased with you.
You visited 1 branch of the dungeon, and saw 9 of its levels.

You collected 470 gold pieces.

Inventory:

Hand Weapons
 a - a +0 dagger
 b - a +2 whip of draining (weapon)
 d - a +2 dagger of protection
 f - a +0 short sword of holy wrath
 i - a +4 dagger
 q - a +4 quarterstaff of chaos
 z - a +2 war axe of flaming
 D - a +2 spear of flaming
Missiles
 c - 12 poisoned darts
Armour
 y - a +0 barding
 B - a +1 pair of boots (worn)
 F - a +2 pair of gloves of archery (worn)
 K - +0 acid dragon scales
Jewellery
 j - an amulet of guardian spirit
 s - a ring of wizardry (left hand)
Wands
 k - a wand of polymorph (3)
Scrolls
 e - a scroll of fog
 h - a scroll of brand weapon
 o - 3 scrolls of vulnerability
 t - 2 scrolls of silence
 u - 2 scrolls of magic mapping
 w - 2 scrolls of summoning {unknown}
 x - a scroll of torment {unknown}
 C - 2 scrolls of teleportation {unknown}
 G - a scroll of noise {unknown}
 H - a scroll of blinking {unknown}
 J - a scroll of immolation {unknown}
Potions
 r - 2 potions of flight
 v - 2 potions of lignification {unknown}
 A - 2 potions of brilliance {unknown}
 E - a potion of cancellation {unknown}
 I - a potion of might {unknown}


   Skills:
 + Level 4.1 Fighting
 + Level 5.3 Maces & Flails
 + Level 5.1 Dodging
 + Level 4.5 Stealth
 + Level 8.0 Spellcasting
 + Level 9.7 Conjurations


You had 21 spell levels left.
You knew the following spells:

 Your Spells              Type           Power      Damage    Failure   Level
a - Magic Dart            Conj           100%       1d8       1%          1
b - Searing Ray           Conj           98%        3d7       1%          2
c - Foxfire               Conj/Fire      100%       2x1d9     1%          1

Your spell library contained the following spells:

 Spells                   Type           Power      Damage    Failure   Level
 Conjure Flame            Conj/Fire      28%        6-21      1%          3
 Dazzling Flash           Conj/Hex       56%        N/A       1%          3
 Corpse Rot               Necr/Air       N/A        N/A       4%          2
 Poisonous Vapours        Pois/Air       16%        N/A       4%          2
 Slow                     Hex            8%         N/A       4%          2
 Fulminant Prism          Conj/Hex       14%        3d9       4%          4
 Iskenderun's Mystic Bla  Conj/Tloc      28%        2d7       4%          4
 Confusing Touch          Hex            8%         N/A       10%         3
 Gell's Gravitas          Tloc           4%         N/A       10%         3
 Inner Flame              Hex/Fire       8%         N/A       10%         3
 Lesser Beckoning         Tloc           4%         N/A       10%         3
 Teleport Other           Tloc           8%         N/A       10%         3
 Freezing Cloud           Conj/Ice/Air   11%        6-21      22%         5
 Passage of Golubria      Tloc           N/A        N/A       30%         4
 Silence                  Hex/Air        4%         N/A       61%         5
 Yara's Violent Unravell  Hex/Tmut       4%         3d4       61%         5
 Lehudib's Crystal Spear  Conj/Erth      14%        10d5      100%        8


Dungeon Overview and Level Annotations

Branches:
Dungeon (8/15)             Temple (0/1) D:4
   Lair: D:8-11

Altars:
Cheibriados
Hepliaklqana
Kikubaaqudgha
Makhleb
Qazlal


Innate Abilities, Weirdness & Mutations

You can spit globs of acid.
Your golden yellow scales are hard. (AC +7)
You cannot fit into any form of body armour.
You are cold-blooded and may be slowed by cold attacks.
You are resistant to acid. (rCorr)
You have large cloven feet.
Your natural rate of healing is unusually fast.


Message History

The vampire mosquito bites you but does no damage.
The wraith hits you.
* * * LOW HITPOINT WARNING * * *
The wraith drains your vigour!
You feel as though you will be slow longer.
The vampire mosquito barely misses you.
It was a potion of flight.
You feel very buoyant.
You fly up into the air.
The vampire mosquito barely misses you. The wraith closely misses you.
The vampire mosquito bites you.
* * * LOW HITPOINT WARNING * * *
The vampire mosquito draws strength from your injuries!
You barely miss the vampire mosquito. The vampire mosquito barely misses you.
The wraith hits you.
* * * LOW HITPOINT WARNING * * *
The wraith drains your vigour!
You feel as though you will be slow longer.
The vampire mosquito bites you.
* * * LOW HITPOINT WARNING * * *
The vampire mosquito draws strength from your injuries!
You completely miss the vampire mosquito.
The vampire mosquito bites you.
* * * LOW HITPOINT WARNING * * *
The vampire mosquito draws strength from your injuries!
The wraith misses you.
You are too injured to fight recklessly!
You hit the vampire mosquito.
The vampire mosquito is lightly damaged.
The vampire mosquito barely misses you. The wraith closely misses you.
The vampire mosquito misses you.
You hit the vampire mosquito.
The vampire mosquito is lightly damaged.
The vampire mosquito bites you.
* * * LOW HITPOINT WARNING * * *
The vampire mosquito draws strength from your injuries!
The wraith hits you but does no damage.
You miss the vampire mosquito.
The vampire mosquito closely misses you.
The vampire mosquito bites you!
You die...

#.###.....#
#.........#..
#............
#.......####.
#.[..........
..###...o.....#.
.......oy#.##.#
..######W#.# ...
#@y.# #. #####


You could see a wraith, 2 orc warriors and 2 vampire mosquitoes.

Vanquished Creatures
  Pikel (D:5)
  Joseph (D:7)
  Grinder (D:5)
  A wyvern (D:8)
  Eustachio (D:5)
  6 yaks (D:11)
  A vampire mosquito (D:8)
  Menkaure (D:5)
  An acid dragon (D:8)
  Duvessa (D:4)
  A hornet zombie (D:7)
  2 orc warriors (D:11)
  A sky beast (D:8)
  An ice beast (D:6)
  2 black bears (D:6)
  A necrophage (D:6)
  An ogre (D:6)
  3 centaurs
  3 lemures (D:5)
  A kobold brigand (D:8)
  A phantom (D:4)
  Blork the orc (D:5)
  A gnoll sergeant (D:6)
  5 scorpions
  Dowan (D:4)
  A wyvern skeleton (D:6)
  A wight (D:8)
  A centaur zombie (D:7)
  3 bullfrog zombies (D:5)
  4 hounds
  4 jellies
  3 orc priests
  A gnoll shaman (D:4)
  Crazy Yiuf (D:3)
  A centaur skeleton (D:7)
  Natasha (thrice) (D:2)
  2 iguanas
  3 orc wizards
  A howler monkey zombie (D:8)
  6 gnolls
  6 adders
  A white imp (D:5)
  2 worms
  2 dart slugs
  25 orcs
  4 bats
  4 endoplasms
  3 giant cockroaches
  8 goblins
  7 hobgoblins
  A quokka (D:4)
  4 ball pythons
  2 frilled lizards
  12 kobolds
  3 rats (D:3)
159 creatures vanquished.

Vanquished Creatures (others)
  A foxfire (D:4)
1 creature vanquished.

Grand Total: 160 creatures vanquished

Notes
Turn   | Place    | Note
-------+----------+-------------------------------------------
     0 | D:1      | loansindi the Draconian Conjurer began the quest for the
                  | Orb.
     0 | D:1      | Reached XP level 1. HP: 14/14 MP: 3/3
   474 | D:1      | Reached XP level 2. HP: 20/20 MP: 0/5
   629 | D:2      | Reached XP level 3. HP: 26/26 MP: 1/6
   682 | D:2      | Noticed Natasha
   689 | D:2      | Killed Natasha
   690 | D:2      | Reached skill level 5 in Conjurations
   872 | D:2      | Noticed Natasha
   876 | D:2      | Killed Natasha
   877 | D:2      | Reached XP level 4. HP: 33/33 MP: 2/7
   997 | D:2      | Found a burning altar of Makhleb.
  1010 | D:2      | Became a worshipper of Makhleb the Destroyer
  1039 | D:2      | Noticed Natasha
  1046 | D:2      | Killed Natasha
  1341 | D:2      | Noticed a scorpion
  1350 | D:2      | Killed a scorpion
  1351 | D:2      | Reached XP level 5. HP: 34/38 MP: 6/9
  1925 | D:3      | Learned a level 2 spell: Searing Ray
  2014 | D:3      | Reached skill level 6 in Conjurations
  2056 | D:3      | Reached skill level 1 in Maces & Flails
  2059 | D:3      | Reached * piety under Makhleb
  2160 | D:3      | Found a runed translucent door.
  2161 | D:3      | Noticed Crazy Yiuf
  2166 | D:3      | Killed Crazy Yiuf
  2167 | D:3      | Reached XP level 6. HP: 45/45 MP: 6/10
  2272 | D:3      | Found a stormy altar of Qazlal.
  2273 | D:3      | Noticed a water elemental
  2277 | D:3      | Noticed an air elemental
  2277 | D:3      | Noticed a fire elemental
  2320 | D:3      | You fall into a shaft and drop 1 floor!
  2599 | D:4      | Found a snail-covered altar of Cheibriados.
  2599 | D:4      | Found an ancient bone altar of Kikubaaqudgha.
  2676 | D:4      | Your scales start taking on a golden yellow colour.
  2676 | D:4      | Reached XP level 7. HP: 51/51 MP: 6/12
  2676 | D:4      | Gained mutation: You are resistant to acid. (rCorr) [Yellow
                  | Draconian growth]
  2700 | D:4      | Learned a level 1 spell: Foxfire
  2802 | D:4      | Noticed Dowan
  2811 | D:4      | Noticed Duvessa
  2822 | D:4      | Killed Duvessa
  2836 | D:4      | Gained mutation: Your natural rate of healing is unusually
                  | fast. [potion of mutation]
  2836 | D:4      | Gained mutation: You have large cloven feet. [potion of
                  | mutation]
  2843 | D:4      | Killed Dowan
  3003 | D:4      | Reached skill level 7 in Conjurations
  3126 | D:4      | Found a staircase to the Ecumenical Temple.
  3318 | D:4      | Reached skill level 1 in Fighting
  3386 | D:4      | Found an ancient bone altar of Kikubaaqudgha.
  3559 | D:5      | Entered Level 5 of the Dungeon
  3874 | D:5      | Noticed Eustachio
  3889 | D:5      | Killed Eustachio
  3890 | D:5      | Reached skill level 5 in Spellcasting
  3890 | D:5      | Reached XP level 8. HP: 50/59 MP: 3/15
  3993 | D:5      | Noticed Pikel
  4004 | D:5      | Killed Pikel
  4019 | D:5      | Noticed Menkaure
  4023 | D:5      | Killed Menkaure
  4024 | D:5      | Reached skill level 8 in Conjurations
  4279 | D:5      | Noticed Grinder
  4286 | D:5      | Paralysed by Grinder for 3 turns
  4298 | D:5      | Killed Grinder
  4299 | D:5      | Reached XP level 9. HP: 66/68 MP: 9/18
  4657 | D:5      | Noticed Blork the orc
  4664 | D:5      | Killed Blork the orc
  5137 | D:6      | Reached ** piety under Makhleb
  5330 | D:6      | Found a hazy altar of Hepliaklqana.
  5736 | D:6      | Reached skill level 9 in Conjurations
  6876 | D:7      | Noticed Joseph
  6940 | D:7      | Killed Joseph
  7480 | D:8      | Reached XP level 10. HP: 77/77 MP: 11/21
  7488 | D:8      | Reached *** piety under Makhleb
  7796 | D:8      | You fall into a shaft and drop 3 floors!
  7814 | D:11     | Reached skill level 5 in Maces & Flails
  7829 | D:11     | Reached skill level 5 in Dodging
  7885 | D:11     | Slain by a vampire mosquito

Illustrated notes

Levels and vault maps discovered:
D:1:      erik_arrival_orb_chamber, layout_loops_corners, serial_glass,
          glass_columns_a, glass_columns_b, chequers_ecumenical_altar_grove
D:2:      layout_loops_ring, basic_altar, uniq_natasha
D:3:      layout_rooms, nicolae_qazlal_style_of_elements,
          uniq_crazy_yiuf_cottage
D:4:      layout_rooms, jmf_multi_god_temple, minmay_temple_entry_offerings,
          minmay_ruined_shrine, uniq_duvessa
D:5:      layout_basic, uniq_menkaure, uniq_eustachio, uniq_grinder, uniq_pikel,
          uniq_blork_the_orc
D:6:      layout_loops_ring, nicolae_hepliaklqana_hippocampus,
          grunt_ministairs_9, st_stairs_9
D:7:      layout_basic, serial_rivers, chequers_serial_rivers_room_b,
          chequers_serial_rivers_large_b, chequers_serial_rivers_small_a,
          chequers_serial_rivers_small_3, uniq_joseph
D:8:      layout_basic, nicolae_gozag_seed_capital,
          nicolae_overflow_hidden_temple, minmay_misc_feat_doors,
          minmay_chambers_of_fives
D:11:     layout_basic, orc_david_3, enter_bailey_5, centaur_isle, uniq_snorg,
          uniq_fannar

Skill      XL: |  1  2  3  4  5  6  7  8  9 10 |
---------------+-------------------------------+-----
Dodging        | 2 3 4 5 |  5.1
Conjurations   | 5 6 7 8 9 |  9.7
Stealth        | 2 3 4 |  4.5
Maces & Flails | 1 2 4 5 |  5.3
Spellcasting   | 3 5 6 7 8 |  8.0
Fighting       | 1 2 3 4 |  4.1

Action                   |  1- 3 |  4- 6 |  7- 9 | 10-12 || total
-------------------------+-------+-------+-------+-------++-------
Melee: Dagger            |     6 |       |       |       ||     6
       Whip              |    13 |    20 |    60 |    26 ||   119
       Tailslap          |     1 |     1 |     6 |     1 ||     9
       Kick              |       |       |    12 |       ||    12
 Cast: Magic Dart        |    38 |    68 |   110 |       ||   216
       Searing Ray       |       |    10 |    40 |    13 ||    63
       Foxfire           |       |       |     1 |       ||     1
 Abil: Breathe Acid      |       |       |     2 |       ||     2
  Use: Potion            |       |       |     2 |     8 ||    10
       Scroll            |       |       |       |     7 ||     7
Armor: Skin              |     4 |    15 |    51 |    27 ||    97
Dodge: Dodged            |    12 |    17 |    81 |    77 ||   187
